AoeStats
← 鄙人張麻子

Arena

508441951Analyzed
4v4 RM · 11d ago on Sep 22, 2026· 42m 25s· 8 players
Game mode
Random Map
Map size
Large (8 player)
Population
200
Speed
Normal
Resources
Standard
Victory
Conquest
Starting age
Dark Age
Ending age
Imperial Age
RankedLock teamsTeams togetherTeam positionsShared explorationLock speedFull tech treeHidden civsTurbo modeCheats
Victory
Defeat
🇦🇷 Franks · Argentina
1144
+16
🇪🇸 Spanish · Spain
1126
+17
🇨🇳 Turks · China
1117
+17
🇪🇸 Bohemians · Spain
1043
+20
🇹🇼 Saracens · Taiwan
1267
-22
🇹🇼 Tupi · Taiwan
1216
-21
🇹🇼 Persians · Taiwan
1043
-14
🇹🇼 Bohemians · Taiwan
1037
-13
西湖歌舞几时休
11:51 Feudal Age
12:48 Horse Collar
13:10 Loom
15:29 Castle Age
14:15 Double-Bit Axe
15:44 Stone Mining
18:29 Heavy Plow
19:10 Loom
24:46 Gold Mining
28:43 Imperial Age
27:02 Wheelbarrow
28:44 Hand Cart
29:03 Ballistics
32:07 Artillery
33:37 Bombard Tower
33:46 Padded Archer Armor
34:22 Conscription
34:00 Treadmill Crane
36:08 Leather Archer Armor
36:47 Scale Barding Armor
36:53 Forging
36:31 Town Watch
38:38 Gold Shaft Mining
38:38 Bow Saw
39:02 Ring Archer Armor
38:54 Chain Barding Armor
40:21 Plate Barding Armor
40:24 Iron Casting
40:26 Thumb Ring
40:49 Murder Holes
41:04 Masonry
41:11 Fortified Wall
42:35 Blast Furnace
KingFrancs
10:25 Feudal Age
16:00 Castle Age
15:46 Double-Bit Axe
17:45 Wheelbarrow
17:54 Horse Collar
18:49 Heavy Plow
19:30 Loom
20:49 Scale Barding Armor
22:34 Bloodlines
23:27 Bow Saw
24:48 Hand Cart
25:40 Gold Mining
26:40 Husbandry
27:25 Chain Barding Armor
31:40 Imperial Age
31:04 Forging
31:19 Stone Mining
32:22 Cavalier
33:39 Plate Barding Armor
34:29 Two-Man Saw
36:06 Iron Casting
36:59 Padded Archer Armor
37:42 Town Watch
37:27 Elite Conquistador
38:28 Conscription
39:57 Chemistry
40:03 Leather Archer Armor
39:39 Fletching
42:00 Ring Archer Armor
41:26 Bodkin Arrow
41:50 Town Patrol
42:07 Masonry
42:44 Stone Shaft Mining
xX ErCabEe Xx
9:53 Feudal Age
10:34 Double-Bit Axe
12:50 Wheelbarrow
12:03 Loom
15:56 Castle Age
19:10 Horse Collar
22:15 Pikeman
28:38 Imperial Age
25:55 Town Watch
28:08 Chemistry
26:51 Treadmill Crane
27:33 Heavy Plow
27:59 Bow Saw
29:04 Wheelbarrow
28:56 Scale Mail Armor
32:17 Fletching
32:40 Halberdier
33:21 Squires
36:02 Siege Engineers
37:03 Conscription
37:28 Houfnice
39:53 Chain Mail Armor
39:48 Forging
KZA
11:13 Feudal Age
10:50 Loom
15:07 Castle Age
13:22 Double-Bit Axe
28:49 Imperial Age
27:25 Husbandry
27:31 Scale Barding Armor
27:37 Forging
28:49 Chain Barding Armor
28:39 Forging
28:21 Fletching
29:14 Cavalier
32:09 Wheelbarrow
34:21 Plate Barding Armor
34:22 Iron Casting
34:13 Paladin
39:00 Iron Casting
38:21 Bodkin Arrow
鄙人張麻子
10:47 Feudal Age
14:41 Castle Age
12:45 Horse Collar
13:16 Double-Bit Axe
15:36 Bow Saw
16:24 Light Cavalry
22:08 Wheelbarrow
24:18 Scale Barding Armor
24:21 Heavy Plow
25:59 Hand Cart
27:14 Gold Mining
28:31 Fervor
28:39 Bloodlines
28:33 Husbandry
28:32 Stone Mining
31:13 Imperial Age
29:32 Chain Barding Armor
29:23 Forging
30:02 Gold Shaft Mining
30:09 Bloodlines
29:53 Loom
31:41 Iron Casting
31:03 Treadmill Crane
32:48 Conscription
34:56 Chemistry
34:01 Siege Engineers
34:33 Plate Barding Armor
34:58 Blast Furnace
34:25 Elite Mameluke
35:33 Fletching
35:37 Town Watch
36:01 Hussar
37:20 Conscription
37:29 Bodkin Arrow
39:24 Bracer
39:48 Counterweights
42:46 Bimaristan
世紀垃圾
10:53 Feudal Age
14:54 Castle Age
14:19 Double-Bit Axe
14:36 Loom
18:18 Bow Saw
24:53 Horse Collar
31:22 Pikeman
32:42 Heavy Plow
37:31 Imperial Age
40:00 Imperial Age
40:04 Chemistry
GG豪大
10:33 Feudal Age
15:06 Castle Age
12:59 Double-Bit Axe
13:08 Horse Collar
16:42 Scale Barding Armor
19:51 Loom
23:49 Wheelbarrow
23:31 Forging
30:05 Imperial Age
28:04 Hand Cart
27:45 Gold Mining
29:01 Chain Barding Armor
29:22 Bow Saw
30:25 Husbandry
30:36 Bloodlines
29:47 Cavalier
31:11 Gold Shaft Mining
32:33 Two-Man Saw
32:52 Iron Casting
32:52 Plate Barding Armor
32:22 Stone Mining
32:45 Savar
35:30 Stone Shaft Mining
36:46 Blast Furnace
39:40 Pikeman
40:20 Squires
40:06 Gambesons
40:07 Arson
40:31 Halberdier
41:12 Scale Mail Armor
42:50 Chain Mail Armor
老雞白
11:01 Feudal Age
14:53 Castle Age
12:47 Double-Bit Axe
13:16 Horse Collar
13:55 Fletching
16:02 Heavy Plow
16:15 Bow Saw
17:18 Crossbowman
18:19 Heavy Plow
22:54 Loom
28:10 Gold Mining
29:00 Wheelbarrow
32:36 Imperial Age
29:52 Town Watch
30:16 Bodkin Arrow
31:25 Padded Archer Armor
33:49 Conscription
36:26 Hand Cart
36:45 Pikeman
37:25 Squires
37:53 Scale Mail Armor
38:03 Forging
38:07 Halberdier
39:12 Elite Skirmisher
Connection lost

Rejoining the realm…

Still unreachable

The connection could not be restored.

Session expired

The server has moved on; the page needs a fresh start.